[Event "45th FIDE Womens Olympiad 2024"]
[Site "Budapest"]
[Date "2024.09.11"]
[Round "1.1"]
[White "Clarke, Adani"]
[Black "Vaishali, Rameshbabu"]
[Result "0-1"]
[ECO "E14"]
[WhiteElo "1919"]
[BlackElo "2498"]
[Annotator "TA"]
[PlyCount "58"]
[EventDate "2024.09.05"]
[EventType "team-tourn"]
[EventCountry "HUN"]
[SourceTitle "playchess.com"]
[Source "ChessBase"]
[SourceQuality "1"]
[WhiteTeam "Jamaica"]
[BlackTeam "India"]
[WhiteTeamCountry "JAM"]
[BlackTeamCountry "IND"]
[TimeControl "40/5400+30:1800+30"]

1. d4 Nf6 2. c4 e6 3. e3 d5 4. Nf3 a6 5. Qc2 b6 6. Nc3 Bb7 7. cxd5 exd5 8. Bd3 Bd6 9. O-O O-O 10. e4 dxe4 11. Nxe4 Bxe4 12. Bxe4 {[%emt 0:00:20] The position is equal.} Nxe4 13. Qxe4 Nd7 14. Bg5 Qe8 15. Qc6 Qe6 16. Kh1 Rae8 17. Rfe1 Nb8 18. Qc3 Qd5 19. a3 h6 20. Bd2 Nc6 21. Rac1 {[%emt 0:02:23] And now Rxe8 would win.} Na5 (21... Rxe1+ {simplifies} 22. Bxe1 Ne7 23. Bd2 Re8) 22. Ne5 (22. Re3 $11 {remains equal.}) 22... Nb3 $17 {[%emt 0:03:42][%cal Ob3d2] Hoping for ...Nxd2!} 23. Rcd1 Nxd4 24. Nc4 Ne2 {[%emt 0:04:16] Black is more active.} 25. Qc2 {[%emt 0:01:02] [#]} Bxh2 $40 {[%emt 0:04:19][%mdl 128] Black attacks.} 26. Bf4 $2 {[%emt 0:02:11][%mdl 8192] [#] This move loses the game for White.} Nd4 $1 $19 (26... Nxf4 27. Rxd5 Rxe1+ 28. Kxh2 Nxd5 29. Qd2 $18) 27. Rxe8 (27. Ne3 Nxc2 (27... Bxf4 $2 28. Nxd5 Rxe1+ 29. Rxe1 $19) 28. Rxd5 Nxe1 29. Kxh2) 27... Rxe8 ({Not} 27... Bxf4 28. Rxf8+ Kxf8 29. Kg1 $11) 28. Qc1 Bxf4 29. Qxf4 Qh5+ {[%emt 0:00:04] Weighted Error Value: White=0.72/Black=0.11 (very precise) .  Loses game:     	White=1     	---        Mistake:       	White=2     	Black=1      Inaccurate:     	White=1     	Black=1      OK:         	White=5     	Black=7      Best:        	---       	Black=1      Strong:       	---       	Black=1} 0-1

[Event "45th FIDE Womens Olympiad 2024"]
[Site "Budapest"]
[Date "2024.09.11"]
[Round "1.2"]
[White "Divya Deshmukh"]
[Black "Miller, Rachel"]
[Result "1-0"]
[ECO "D31"]
[WhiteElo "2483"]
[BlackElo "1912"]
[Annotator "TA"]
[PlyCount "151"]
[EventDate "2024.09.05"]
[EventType "team-tourn"]
[EventCountry "HUN"]
[SourceTitle "playchess.com"]
[Source "ChessBase"]
[SourceQuality "1"]
[WhiteTeam "India"]
[BlackTeam "Jamaica"]
[WhiteTeamCountry "IND"]
[BlackTeamCountry "JAM"]
[TimeControl "40/5400+30:1800+30"]

1. c4 e6 2. Nc3 d5 3. d4 a6 4. cxd5 exd5 5. Qb3 c5 6. Qxd5 {[%emt 0:00:14] D31: Queen's Gambit Declined: Semi-Slav without ...Nf6 (+ Marshall Gambit and Noteboom) and Exchange Variation lines without ...Nf6.} cxd4 7. Qxd8+ Kxd8 8. Nd5 Be6 9. Nf4 Bb4+ 10. Bd2 Bxd2+ 11. Kxd2 Nf6 12. g3 Nc6 13. Bg2 Re8 14. Ngh3 Bxh3 15. Nxh3 Ne4+ $146 ({Predecessor:} 15... Kc7 16. Rac1 Ne4+ 17. Bxe4 Rxe4 18. Nf4 g5 19. Nd3 Rae8 20. Rhe1 Kd6 21. Rc4 b5 {½-½ Vidit,S (2718)-Rakhmanov,A (2606) FIDE World Cup 2019 (2.1)}) 16. Bxe4 Rxe4 17. Rhc1 h6 18. Rc5 Kc7 19. Nf4 Rae8 20. h4 f6 21. h5 R4e5 22. Rac1 Kd6 23. R5c4 Rb5 24. R1c2 Ree5 25. a3 Rg5 26. Kc1 Ke7 27. Kb1 Kd6 28. Ka2 Ke7 29. Kb1 Kd6 30. Rd2 Ke7 31. Rc1 Rb3 32. Ka2 Rbb5 33. Rcd1 Kf7 34. Rc2 Ra5 {[%emt 0:00:17] Strongly threatening ...Nb4+.} 35. Kb1 Rab5 36. Rd3 Rbe5 37. Rcd2 Re7 38. Ka2 Ra5 39. Rb3 {[%emt 0:00:10] Prevents Nb4+.} Rg5 40. Rb6 Rb5 41. Rxb5 axb5 $14 {[%emt 0:30:03][%mdl 4096] Endgame. KRN-KRN} 42. Rc2 Re5 {[%emt 0:02:59] Prevents Rc5.} 43. b4 Ke8 44. Rd2 Kf7 45. Kb3 Ke8 46. a4 bxa4+ 47. Kxa4 b5+ 48. Kb3 Kd7 49. e3 Re4 {[%emt 0:00:00] [#]} (49... Kd6 $1 $11) 50. Ne2 $1 $16 Kc7 (50... Re5 $16 {might work better.}) 51. Nxd4 $18 {[%emt 0:00:00] Rc2 is the strong threat.} (51. exd4 $2 {loses.} Rxe2 52. Rxe2 Nxd4+ 53. Kc3 Nxe2+ $19) 51... Nxd4+ (51... Kb6 $142 52. Nc2 Ne7) 52. Rxd4 {[%emt 0:00:00] KR-KR} Re5 53. g4 f5 (53... Re8 {was called for.} 54. Kc3 Kc6) 54. Kc3 Kc6 55. Kd3 fxg4 56. Rxg4 {[%emt 0:00:00] And now Rg6+ would win.} Rd5+ 57. Ke4 {[%emt 0:00:00] Black must now prevent Rg6+.} Rxh5 (57... Rd7 $142 58. Rg6+ Kb7) 58. Rg6+ Kd7 59. Rxg7+ Ke6 60. f4 Rh1 61. Rb7 h5 62. Rxb5 h4 63. Re5+ Kf6 64. b5 h3 65. Rh5 Rb1 66. b6 Kg6 67. Rxh3 {[%emt 0:00:00] aiming for f5+.} Rxb6 68. f5+ Kf7 69. Rh7+ Kf8 70. Rc7 Ra6 71. Kf4 Ra5 72. e4 Ra1 73. Kg5 Re1 74. Kf6 Kg8 75. e5 Rh1 76. e6 1-0

[Event "45th FIDE Womens Olympiad 2024"]
[Site "Budapest"]
[Date "2024.09.11"]
[Round "1.3"]
[White "Brown, Raehanna"]
[Black "Vantika Agrawal"]
[Result "1/2-1/2"]
[ECO "A22"]
[WhiteElo "1910"]
[BlackElo "2370"]
[Annotator "ChessBase"]
[PlyCount "105"]
[EventDate "2024.09.05"]
[EventType "team-tourn"]
[EventCountry "HUN"]
[SourceTitle "playchess.com"]
[Source "ChessBase"]
[SourceQuality "1"]
[WhiteTeam "Jamaica"]
[BlackTeam "India"]
[WhiteTeamCountry "JAM"]
[BlackTeamCountry "IND"]
[TimeControl "40/5400+30:1800+30"]

1. c4 e5 2. Nc3 Nf6 3. g3 Bb4 4. Bg2 O-O 5. d3 Re8 6. e4 c6 7. Bg5 h6 8. Bxf6 Qxf6 9. Nge2 d6 10. O-O Na6 11. Qd2 h5 12. Rad1 h4 13. h3 hxg3 14. fxg3 Qe7 15. Kh2 Nc5 16. a3 Bxc3 17. Qxc3 Qg5 18. d4 exd4 19. Qxd4 Re6 20. Rf5 Qe7 21. Nf4 Re5 22. Rxe5 dxe5 23. Qd8+ Qf8 24. Qc7 Be6 25. Nxe6 Nxe6 26. Qxe5 Rd8 27. Rxd8 Qxd8 28. Qc3 Qd1 29. Qf3 Qc2 30. Qe3 b6 31. b3 Nc5 32. b4 Ne6 33. e5 Qxc4 34. Qf3 Nd4 35. Qg4 c5 36. Qd7 Qe6 37. Qxa7 Qxe5 38. Qxb6 Nf5 39. Qxc5 Qxg3+ 40. Kg1 Ne3 41. Qc6 Nxg2 42. Qa8+ Kh7 43. Qxg2 Qxa3 44. Qe4+ g6 45. Qh4+ Kg7 46. Qd4+ f6 47. h4 Qa4 48. Kf2 Qb5 49. Qa7+ Kf8 50. Qc5+ Qxc5+ 51. bxc5 Ke7 52. Ke3 Kd7 53. Kd3 1/2-1/2

[Event "45th FIDE Womens Olympiad 2024"]
[Site "Budapest"]
[Date "2024.09.11"]
[Round "1.4"]
[White "Tania, Sachdev"]
[Black "Watson, Gabriella"]
[Result "1-0"]
[ECO "D18"]
[WhiteElo "2386"]
[BlackElo "1826"]
[Annotator "ChessBase"]
[PlyCount "81"]
[EventDate "2024.09.05"]
[EventType "team-tourn"]
[EventCountry "HUN"]
[SourceTitle "playchess.com"]
[Source "ChessBase"]
[SourceQuality "1"]
[WhiteTeam "India"]
[BlackTeam "Jamaica"]
[WhiteTeamCountry "IND"]
[BlackTeamCountry "JAM"]
[TimeControl "40/5400+30:1800+30"]

1. d4 d5 2. c4 c6 3. Nf3 Nf6 4. Nc3 dxc4 5. a4 Bf5 6. Ne5 e6 7. e3 Nbd7 8. Nxc4 Bb4 9. Be2 O-O 10. O-O a5 11. Qb3 Qc7 12. f4 Nb6 13. Ne5 h6 14. Bd2 Bxc3 15. bxc3 Ne4 16. Be1 Nd5 17. c4 Ne7 18. Bd3 Rfd8 19. g4 Bh7 20. Qc2 f5 21. gxf5 exf5 22. Kh1 Re8 23. Rg1 c5 24. d5 Ra6 25. Rb1 Ng6 26. Nf3 Rf6 27. Nd2 Qe7 28. Nf1 b6 29. Rb2 Rd6 30. Qb1 Qc7 31. Rbg2 Re7 32. Be2 Rf6 33. Bh5 Nf8 34. Bh4 g5 35. fxg5 hxg5 36. Rxg5+ Nxg5 37. Bxg5 Rg7 38. Bxf6 Rxg1+ 39. Kxg1 Qd6 40. Qb2 Nd7 41. Qg2+ 1-0

[Event "45th FIDE Womens Olympiad 2024"]
[Site "Budapest"]
[Date "2024.09.11"]
[Round "1.5"]
[White "Gaal, Zsoka"]
[Black "Morales Santos, Natasha"]
[Result "1-0"]
[ECO "A37"]
[WhiteElo "2385"]
[BlackElo "1972"]
[Annotator "ChessBase"]
[PlyCount "77"]
[EventDate "2024.09.05"]
[EventType "team-tourn"]
[EventCountry "HUN"]
[SourceTitle "playchess.com"]
[Source "ChessBase"]
[SourceQuality "1"]
[WhiteTeam "Hungary"]
[BlackTeam "Puerto Rico"]
[WhiteTeamCountry "HUN"]
[BlackTeamCountry "PUR"]
[TimeControl "40/5400+30:1800+30"]

1. Nf3 c5 2. c4 Nc6 3. Nc3 g6 4. g3 Bg7 5. Bg2 e5 6. O-O d6 7. a3 Nge7 8. d3 O-O 9. Rb1 f5 10. Bd2 Kh8 11. b4 Rb8 12. Qc1 Be6 13. Bh6 Bxh6 14. Qxh6 Ng8 15. Qe3 Nf6 16. bxc5 Ng4 17. Qg5 dxc5 18. Qxd8 Rfxd8 19. Ng5 Bg8 20. Bxc6 bxc6 21. Na4 h6 22. Nh3 e4 23. Nxc5 exd3 24. exd3 Ne5 25. f4 Nf3+ 26. Kg2 Nd4 27. Kf2 Rb6 28. Rfc1 Rdb8 29. Rxb6 Rxb6 30. Ke3 Nb3 31. Nxb3 Rxb3 32. Ng1 Kg7 33. Nf3 Rxa3 34. Ne5 a5 35. Nxc6 a4 36. Nd4 Ra2 37. c5 Rb2 38. c6 Rb8 39. c7 1-0

[Event "45th FIDE Womens Olympiad 2024"]
[Site "Budapest"]
[Date "2024.09.11"]
[Round "1.5"]
[White "Varela La Madrid, Tilsia Carolina"]
[Black "Lima, Izidora Lourenco"]
[Result "1-0"]
[ECO "C62"]
[WhiteElo "2017"]
[BlackElo "1579"]
[Annotator "NA"]
[PlyCount "103"]
[EventDate "2024.09.05"]
[EventType "team-tourn"]
[EventCountry "HUN"]
[SourceTitle "playchess.com"]
[Source "ChessBase"]
[SourceQuality "1"]
[WhiteTeam "Venezuela"]
[BlackTeam "Sao Tome and Principe"]
[WhiteTeamCountry "VEN"]
[BlackTeamCountry "SAO"]
[TimeControl "40/5400+30:1800+30"]

1. e4 e5 2. Nf3 Nc6 3. Nc3 Nf6 4. Bb5 d6 5. d4 exd4 6. Nxd4 Bd7 7. Bxc6 Bxc6 8. Qd3 Be7 9. Nf5 Rg8 10. f3 Qd7 11. Be3 a6 12. O-O-O O-O-O 13. Qd4 b6 14. Qc4 Kb7 15. Qxf7 Bf8 16. Qb3 g6 17. Nd4 Bg7 18. Ne6 Rde8 19. Nc5+ dxc5 20. Rxd7 Nxd7 21. Nd5 Rgf8 22. Rd1 Be5 23. Bh6 Rh8 24. g3 Bb5 25. f4 c4 26. Qf3 Bd6 27. Bg7 Rhg8 28. Bd4 Rgf8 29. Qh1 Bc6 30. b3 Ba3+ 31. Kb1 cxb3 32. axb3 Bxd5 33. exd5 Re2 34. d6+ Kb8 35. dxc7+ Kxc7 36. Bb2 Bxb2 37. Kxb2 Rfe8 38. Qd5 R8e7 39. Qd6+ Kc8 40. Qc6+ Kd8 41. Qxb6+ Ke8 42. Qxa6 Kf8 43. Rxd7 Rxc2+ 44. Kxc2 Rxd7 45. Qf6+ Kg8 46. Qe6+ Rf7 47. b4 Kg7 48. Qe5+ Kf8 49. b5 Kg8 50. Qe8+ Rf8 51. Qxf8+ Kxf8 52. b6 1-0

[Event "45th FIDE Womens Olympiad 2024"]
[Site "Budapest"]
[Date "2024.09.11"]
[Round "1.6"]
[White "Rivera Negron, Yanira"]
[Black "Terbe, Julianna"]
[Result "0-1"]
[ECO "D31"]
[WhiteElo "1805"]
[BlackElo "2245"]
[Annotator "ChessBase"]
[PlyCount "76"]
[EventDate "2024.09.05"]
[EventType "team-tourn"]
[EventCountry "HUN"]
[SourceTitle "playchess.com"]
[Source "ChessBase"]
[SourceQuality "1"]
[WhiteTeam "Puerto Rico"]
[BlackTeam "Hungary"]
[WhiteTeamCountry "PUR"]
[BlackTeamCountry "HUN"]
[TimeControl "40/5400+30:1800+30"]

1. d4 d5 2. c4 e6 3. Nc3 c6 4. Bf4 dxc4 5. e4 b5 6. a3 Nf6 7. Nf3 Bb7 8. Qc2 Nbd7 9. Rd1 Qb6 10. Ne5 Nxe5 11. Bxe5 Rd8 12. Be2 Be7 13. O-O O-O 14. Bf3 a6 15. Rfe1 Rd7 16. Rd2 Rfd8 17. Red1 Ne8 18. d5 Bg5 19. Bd4 c5 20. Be3 Bxe3 21. fxe3 e5 22. Rf2 Nd6 23. Be2 b4 24. Na4 Qa5 25. axb4 cxb4 26. Ra1 Rc7 27. Rff1 Bc8 28. Qb1 Bd7 29. b3 cxb3 30. Qxb3 Nxe4 31. Nb2 Qc5 32. Nd3 Qxe3+ 33. Kh1 Qxe2 34. Rae1 Rc3 35. Rxe2 Rxb3 36. Nc1 Nc3 37. Rxe5 Rb1 38. Re7 Na2 0-1

[Event "45th FIDE Womens Olympiad 2024"]
[Site "Budapest"]
[Date "2024.09.11"]
[Round "1.7"]
[White "Papp, Petra"]
[Black "Vega Jimenez, Keyshla M."]
[Result "1-0"]
[ECO "D02"]
[WhiteElo "2259"]
[BlackElo "1769"]
[Annotator "ChessBase"]
[PlyCount "45"]
[EventDate "2024.09.05"]
[EventType "team-tourn"]
[EventCountry "HUN"]
[SourceTitle "playchess.com"]
[Source "ChessBase"]
[SourceQuality "1"]
[WhiteTeam "Hungary"]
[BlackTeam "Puerto Rico"]
[WhiteTeamCountry "HUN"]
[BlackTeamCountry "PUR"]
[TimeControl "40/5400+30:1800+30"]

1. d4 Nf6 2. Nf3 e6 3. Bf4 d5 4. e3 Bd6 5. Ne5 O-O 6. Nd2 c5 7. c3 Qc7 8. Bd3 Nbd7 9. Ndf3 b6 10. h4 Nh5 11. Bxh7+ Kh8 12. Bd3 Nxf4 13. exf4 cxd4 14. cxd4 Bb4+ 15. Kf1 Nf6 16. Rc1 Qb7 17. Ng5 Kg8 18. g3 Bd6 19. Qe2 a5 20. Kg2 Bd7 21. Ng4 Ne8 22. Nh7 f5 23. Nxf8 1-0

[Event "45th FIDE Womens Olympiad 2024"]
[Site "Budapest"]
[Date "2024.09.11"]
[Round "1.8"]
[White "Alvarado Perez, Coralys M."]
[Black "Lazarne Vajda, Szidonia"]
[Result "0-1"]
[ECO "B10"]
[WhiteElo "1694"]
[BlackElo "2283"]
[Annotator "RC"]
[PlyCount "148"]
[EventDate "2024.09.05"]
[EventType "team-tourn"]
[EventCountry "HUN"]
[SourceTitle "playchess.com"]
[Source "ChessBase"]
[SourceQuality "1"]
[WhiteTeam "Puerto Rico"]
[BlackTeam "Hungary"]
[WhiteTeamCountry "PUR"]
[BlackTeamCountry "HUN"]
[TimeControl "40/5400+30:1800+30"]

1. e4 c6 2. g3 d5 3. Bg2 dxe4 4. Bxe4 Nf6 5. Bg2 e5 6. d3 Bc5 7. Ne2 O-O 8. O-O Be6 9. Nd2 Nbd7 10. h3 Re8 11. Kh2 Bd5 12. f3 Bf8 13. Ne4 c5 14. N2c3 Bc6 15. f4 Nxe4 16. Nxe4 f5 17. Nc3 Bxg2 18. Kxg2 Qc7 19. Qf3 g6 20. fxe5 Nxe5 21. Qd5+ Qf7 22. Bf4 Rad8 23. Qxf7+ Nxf7 24. Rfe1 Bg7 25. Bd2 Kf8 26. Rxe8+ Rxe8 27. Re1 Rxe1 28. Bxe1 Nd6 29. Kf3 Ke7 30. Bd2 Ke6 31. b3 Nf7 32. Ne2 g5 33. c3 Ne5+ 34. Kg2 h6 35. d4 Nd7 36. dxc5 Nxc5 37. Nd4+ Bxd4 38. cxd4 Ne4 39. Bc1 Kd5 40. Bb2 h5 41. Kf3 a5 42. h4 g4+ 43. Kf4 Ke6 44. Ba1 b5 45. Bb2 a4 46. bxa4 bxa4 47. a3 Kd5 48. Ba1 Kc4 49. Bb2 Kd5 50. Ba1 Ke6 51. Bb2 Kd6 52. Ba1 Kd5 53. Bb2 Kc4 54. Kxf5 Nxg3+ 55. Ke6 Ne2 56. d5 Nf4+ 57. Kf5 Nxd5 58. Be5 Kd3 59. Kg5 Ke4 60. Bd6 Kf3 61. Kxh5 g3 62. Kg5 g2 63. Bh2 Kf2 64. h5 Ne3 65. h6 Nf1 66. Bg1+ Kxg1 67. h7 Kf2 68. h8=Q g1=Q+ 69. Kf6 Qg3 70. Ke6 Qb3+ 71. Kd7 Qxa3 72. Qd4+ Ne3 73. Qf4+ Ke2 74. Qh2+ Kd3 0-1

[Event "45th FIDE Womens Olympiad 2024"]
[Site "Budapest"]
[Date "2024.09.11"]
[Round "1.9"]
[White "Javakhishvili, Lela"]
[Black "Rouda Essa, Alserkal"]
[Result "1-0"]
[ECO "D02"]
[WhiteElo "2446"]
[BlackElo "2036"]
[Annotator "TA"]
[PlyCount "39"]
[EventDate "2024.09.05"]
[EventType "team-tourn"]
[EventCountry "HUN"]
[SourceTitle "playchess.com"]
[Source "ChessBase"]
[SourceQuality "1"]
[WhiteTeam "Georgia"]
[BlackTeam "United Arab Emirates"]
[WhiteTeamCountry "GEO"]
[BlackTeamCountry "UAE"]
[TimeControl "40/5400+30:1800+30"]

1. d4 Nf6 2. Nf3 e6 3. Bf4 d5 4. e3 c5 5. Nbd2 Nc6 6. c3 Qb6 7. Rb1 Be7 8. Bd3 O-O 9. h4 Re8 {[%emt 0:16:51] White has an edge.} 10. Ne5 cxd4 11. exd4 Nxe5 12. dxe5 Nd7 13. Qh5 Nf8 (13... g6 $16 {was called for.} 14. Qg4 h5) 14. Nf3 $1 $18 Bd7 $2 {[%emt 0:13:38] [#]} (14... Qc7 {might work better.} 15. Bxh7+ Nxh7) 15. Bxh7+ $1 Nxh7 16. Ng5 Nf8 (16... Bxg5 $142 17. hxg5 Bb5) 17. Qxf7+ Kh8 {[%emt 0:00:04] [#]} 18. h5 $1 {[%emt 0:01:07][%cal Bh4h5,Bh5h6][%mdl 32] White wants to mate with h6.} Bb5 19. h6 g6 20. Qg7# {[%emt 0:00:06] Black got outplayed after the opening.   Weighted Error Value: White=0.00 (flawless) /Black=0.97.  Loses game:     	---       	Black=1      Mistake:       	---       	Black=3      Inaccurate:     	---       	Black=2      OK:         	White=2     	Black=1      Best:        	White=2     	---        Strong:       	White=1     	---        Brilliant:      	White=1     	---} 1-0

[Event "45th FIDE Womens Olympiad 2024"]
[Site "Budapest"]
[Date "2024.09.11"]
[Round "1.10"]
[White "Jorquera Cabello, Valentina"]
[Black "Oyenga, Justine Anassika"]
[Result "1-0"]
[ECO "C41"]
[WhiteElo "1919"]
[BlackElo "1503"]
[Annotator "NA"]
[PlyCount "67"]
[EventDate "2024.09.05"]
[EventType "team-tourn"]
[EventCountry "HUN"]
[SourceTitle "playchess.com"]
[Source "ChessBase"]
[SourceQuality "1"]
[WhiteTeam "Chile"]
[BlackTeam "Togo"]
[WhiteTeamCountry "CHI"]
[BlackTeamCountry "TOG"]
[TimeControl "40/5400+30:1800+30"]

1. e4 e5 2. Nf3 d6 3. d4 exd4 4. Nxd4 Nf6 5. Nc3 c5 6. Bb5+ Bd7 7. Bxd7+ Qxd7 8. Nf3 Qc6 9. O-O Be7 10. e5 Ng4 11. exd6 Bxd6 12. Re1+ Kf8 13. Ne4 Bc7 14. h3 Ne5 15. Nxe5 Bxe5 16. Qd8+ Qe8 17. Qxe8+ Kxe8 18. Nxc5 Nc6 19. f4 b6 20. Nb3 Kd7 21. fxe5 Rhe8 22. Bf4 Ke6 23. Rad1 Rac8 24. Rd6+ Kf5 25. Bg3 Re6 26. Red1 a5 27. c3 a4 28. Rxc6 axb3 29. Rxc8 bxa2 30. Ra8 f6 31. exf6 gxf6 32. Rxa2 Re3 33. Bh4 Kg6 34. Rd6 1-0

[Event "45th FIDE Womens Olympiad 2024"]
[Site "Budapest"]
[Date "2024.09.11"]
[Round "1.10"]
[White "Al Maamari, Wafia Darwish"]
[Black "Batsiashvili, Nino"]
[Result "0-1"]
[ECO "A13"]
[WhiteElo "1908"]
[BlackElo "2461"]
[Annotator "TA"]
[PlyCount "122"]
[EventDate "2024.09.05"]
[EventType "team-tourn"]
[EventCountry "HUN"]
[SourceTitle "playchess.com"]
[Source "ChessBase"]
[SourceQuality "1"]
[WhiteTeam "United Arab Emirates"]
[BlackTeam "Georgia"]
[WhiteTeamCountry "UAE"]
[BlackTeamCountry "GEO"]
[TimeControl "40/5400+30:1800+30"]

1. Nf3 d5 2. b3 c5 3. e3 Nf6 4. Bb2 e6 5. c4 Nc6 6. cxd5 exd5 7. d4 Bg4 8. Be2 Bxf3 9. Bxf3 cxd4 {[%emt 0:00:07] The position is equal.} 10. Bxd4 Nxd4 11. Qxd4 Qa5+ 12. Ke2 Rc8 13. Rd1 Be7 14. a3 O-O 15. b4 ({White should play} 15. Ra2 $11) 15... Qa4 (15... Rc2+ $1 $15 16. Rd2 Qa6+ 17. Qd3 Rc4) 16. Nd2 $11 Rfe8 17. Qd3 Rc2 18. Rdc1 Rec8 19. Rxc2 Rxc2 20. Bxd5 Nxd5 21. Qxd5 Qa6+ 22. Qd3 {[%emt 0:01:03] White wants to play Qxa6.} Qc6 23. Kf1 g6 24. Ne4 Rc4 25. Ng3 Bf6 26. Rd1 Rc3 27. Qd5 Qxd5 28. Rxd5 Rxa3 {[%emt 0:00:03][%mdl 4096] Endgame. KRB-KRN} 29. Ne4 Be7 30. b5 b6 31. Rd7 Kf8 32. Ke2 h6 33. g4 Ra5 34. h3 Rxb5 35. Rxa7 Rb2+ 36. Kf3 Bh4 37. Rb7 b5 38. Ng3 b4 39. Ne4 b3 40. Ng3 Bxg3 41. Kxg3 {[%emt 0:30:12] KR-KR} Rb1 42. Kf3 Ke8 43. Ke4 Rb2 44. f4 Kf8 $1 45. Kd3 Kg7 46. Kc3 ({Better is} 46. Ke4 $11) 46... Rh2 $15 47. Rxb3 Rxh3 {[%emt 0:00:00] Black is more active.} 48. Kd4 Rg3 49. g5 hxg5 50. fxg5 Rxg5 51. Ke4 $2 {[%emt 0:00:00][%mdl 8192] Loses the game.} (51. e4 $17 {is more resistant.}) 51... Rf5 $19 {[%emt 0:00:00] [#] ...Rf2 is the strong threat.} 52. Rb1 Rf2 {[%emt 0:00:00] White must now prevent ...g5.} 53. Rb7 $2 (53. Kd3) 53... g5 {[%emt 0:00:00] Strongly threatening ...g4.} 54. Rb5 Kg6 55. Rb6+ Kh5 56. Kd3 f5 {[%emt 0:00:00] [#] ...g4 would now be deadly.} 57. Re6 g4 {[%emt 0:00:00] Threatens to win with ...g3.} 58. e4 g3 {[%emt 0:00:00] Black mates.} 59. exf5 Rxf5 60. Re2 Kg4 61. Kd2 Kh3 {[%emt 0:00:00] Weighted Error Value: White=0.72/Black=0.05 (flawless) .  Loses game:     	White=1     	---        Mistake:       	White=3     	Black=1      Inaccurate:     	White=2     	---        OK:         	White=16    	Black=20     Best:        	White=1     	Black=7      Strong:       	---       	Black=1} 0-1

[Event "45th FIDE Womens Olympiad 2024"]
[Site "Budapest"]
[Date "2024.09.11"]
[Round "1.11"]
[White "Khotenashvili, Bella"]
[Black "Mariam, Essa"]
[Result "1-0"]
[ECO "A05"]
[WhiteElo "2432"]
[BlackElo "1779"]
[Annotator "TA"]
[PlyCount "79"]
[EventDate "2024.09.05"]
[EventType "team-tourn"]
[EventCountry "HUN"]
[SourceTitle "playchess.com"]
[Source "ChessBase"]
[SourceQuality "1"]
[WhiteTeam "Georgia"]
[BlackTeam "United Arab Emirates"]
[WhiteTeamCountry "GEO"]
[BlackTeamCountry "UAE"]
[TimeControl "40/5400+30:1800+30"]

1. Nf3 Nf6 2. g3 b5 3. Bg2 Bb7 4. Na3 a6 5. c4 e5 6. O-O Bxa3 7. bxa3 e4 8. Nd4 {[%emt 0:04:25] White is slightly better.} Nc6 9. Nf5 O-O 10. Bb2 Re8 11. d3 Ne5 12. Qd2 e3 (12... d6 $14 {feels stronger.}) 13. Nxe3 (13. Qxe3 Nf3+ 14. exf3 Rxe3 15. Nxe3 Rb8 $14) 13... Bxg2 14. Kxg2 d5 (14... bxc4 $14 {was preferrable.} 15. dxc4 d6) 15. cxd5 $16 Nxd5 16. Nf5 {[%emt 0:05:05][%cal Of5g7] Strongly threatening Nxg7!} Nb6 17. Rad1 {[%emt 0:07:58] f4 is the strong threat.} f6 18. f4 Nf7 19. e4 c5 20. Qe2 {[%emt 0:03:50] White is more active.} Qd7 (20... Nd6 $14 21. Ne3 Qd7) 21. Rf2 Nd6 22. Ne3 Qe6 23. Qf3 Rad8 24. Bc3 b4 25. axb4 Nb5 26. Ba1 cxb4 27. Nf5 ({White should try} 27. Rc2 $16) 27... Nd5 28. Rc1 $1 ({And not} 28. exd5 Qxf5 29. h4 h5 $19 (29... Qxd5 30. g4 $17)) 28... Ndc3 29. Bxc3 (29. a4 $1 $16 Nxa4 30. Qg4) 29... Nxc3 $11 30. a3 a5 31. axb4 $40 {[%emt 0:00:02][%mdl 128] White mounts an attack.} axb4 32. Rb2 g6 {[%emt 0:01:47] [#]} (32... Qa6 $11 {keeps the balance.}) 33. Nh6+ $1 $16 (33. Rxb4 Na2 34. Nh6+ Kf8 $11) 33... Kg7 34. Rxb4 {[%emt 0:01:06] Hoping for Ng4.} Qa2+ 35. Kh3 Qe2 $2 {[%emt 0:01:11] [#] Loses the game.} (35... Nd5 $16 36. exd5 Kxh6) 36. Qg4 $1 $18 {[%emt 0:01:09] Black must now prevent Qh4.} (36. Qxe2 Nxe2 37. Rc2 Nxf4+ 38. gxf4 Rxd3+ 39. Kh4 Kxh6 $11) 36... Qxg4+ (36... Kxh6 37. Qh4+ (37. Rxc3 Qf1+ 38. Kh4 Re5 $17) 37... Qh5 38. Qxh5+ (38. Rxc3 Qxh4+ 39. Kxh4 Re7 $18) 38... Kxh5) 37. Nxg4 {[%emt 0:00:02] White is clearly winning.} Re7 38. Rxc3 h5 39. Ne3 f5 40. e5 {[%emt 0:00:14] Weighted Error Value: White=0.10 (very precise) /Black=0.38.  Loses game:     	---       	Black=1      Mistake:       	White=2     	Black=6      Inaccurate:     	White=3     	Black=1      OK:         	White=10    	Black=11     Best:        	White=2     	Black=4      Strong:       	White=3     	---} 1-0

[Event "45th FIDE Womens Olympiad 2024"]
[Site "Budapest"]
[Date "2024.09.11"]
[Round "1.11"]
[White "Kponsou, Afiwa"]
[Black "Morales Flores, Monserrat"]
[Result "0-1"]
[ECO "A49"]
[WhiteElo "1453"]
[BlackElo "1938"]
[Annotator "NA"]
[PlyCount "100"]
[EventDate "2024.09.05"]
[EventType "team-tourn"]
[EventCountry "HUN"]
[SourceTitle "playchess.com"]
[Source "ChessBase"]
[SourceQuality "1"]
[WhiteTeam "Togo"]
[BlackTeam "Chile"]
[WhiteTeamCountry "TOG"]
[BlackTeamCountry "CHI"]
[TimeControl "40/5400+30:1800+30"]

1. Nf3 Nf6 2. g3 g6 3. Bg2 Bg7 4. O-O O-O 5. d4 d6 6. Nbd2 Nbd7 7. e4 e5 8. c3 Qe7 9. Re1 Nb6 10. dxe5 dxe5 11. a4 a5 12. b3 Rd8 13. Qe2 h6 14. Ba3 Qe6 15. Rad1 Bd7 16. Bb2 Bc6 17. c4 Nfd7 18. Ba3 Nf6 19. c5 Nbd7 20. Rf1 Bf8 21. Rc1 b6 22. Qc4 Qxc4 23. Nxc4 Nxc5 24. Bxc5 Bxc5 25. Nfxe5 Bxe4 26. Bxe4 Nxe4 27. Ng4 Kg7 28. Rcd1 Nc3 29. Rde1 Rd4 30. Nge5 Re4 31. Kg2 Rd8 32. Rxe4 Nxe4 33. f3 Nc3 34. Rc1 Ne2 35. Rc2 Nd4 36. Rd2 Re8 37. Nd7 Nxb3 38. Rd5 Bb4 39. Nde5 Nc5 40. Nd7 Nxa4 41. Nde5 Nc5 42. Nc6 Re6 43. Nxb4 axb4 44. Kf2 c6 45. Rd1 b5 46. Na5 Na4 47. Rb1 c5 48. Nb3 Nc3 49. Nxc5 Nxb1 50. Nxe6+ fxe6 0-1